 Dungeon Crawl Stone Soup version 0.22-a0-580-gd5db89c (webtiles) character file.

19200 sking99 the Grappler (level 12, -1/132 HPs)
             Began as a Troll Monk on July 3, 2018.
             Was an Elder of Elyvilon.
             Slain by a yak (10 damage)
             ... on level 4 of the Lair of Beasts.
             The game lasted 00:32:34 (14704 turns).

sking99 the Grappler (Troll Monk)                  Turns: 14704, Time: 00:32:36

Health: -1/132     AC:  5    Str: 22    XL:     12   Next: 34%
Magic:  15/20      EV:  9    Int:  6    God:    Elyvilon [****..]
Gold:   923        SH: 19    Dex: 16    Spells: 11/11 levels left

rFire    + . .     SeeInvis .     - Unarmed
rCold    + . .     Gourm    +   p - +1 large shield
rNeg     . . .     Faith    .   B - +0 robe
rPois    .         Spirit   .   (helmet restricted)
rElec    .         Reflect  .   (no cloak)
rCorr    .         Harm     .   (gloves unavailable)
MR       .....                  (boots unavailable)
Stlth    ++........             (no amulet)
HPRegen  0.72/turn              u - ring of protection from fire
MPRegen  0.17/turn              t - ring of protection from cold

@: divinely vigorous, very slightly contaminated
A: large, unfitting armour, claws 3, fast metabolism 3, gourmand, regeneration
1, shaggy fur 1, tough skin 2
a: Lesser Healing, Heal Other, Purification, Greater Healing, Divine Protection,
Renounce Religion


You were on level 4 of the Lair of Beasts.
You worshipped Elyvilon.
Elyvilon was greatly pleased with you.
You were full.

You visited 3 branches of the dungeon, and saw 16 of its levels.
You also visited: Ice Cave.

You collected 958 gold pieces.
You spent 35 gold pieces at shops.

Inventory:

Hand Weapons
 a - a +1 scimitar of flaming
Armour
 p - a +1 large shield (worn)
 B - a +0 robe (worn)
Jewellery
 m - an uncursed ring of see invisible
 t - a ring of protection from cold (right claw)
 u - a ring of protection from fire (left claw)
 C - an uncursed ring of protection from magic
 I - an uncursed ring of fire {unknown}
Wands
 f - a wand of paralysis (18)
 n - a wand of polymorph (10)
 s - a wand of scattershot (4)
 D - a wand of flame (61)
 J - a wand of digging (40)
 N - a wand of iceblast (16)
Scrolls
 c - 8 scrolls of teleportation
 g - 4 scrolls of fear
 l - 8 scrolls of remove curse
 q - 3 scrolls of immolation
 w - 2 scrolls of enchant weapon
 x - 7 scrolls of enchant armour
 y - 4 scrolls of fog
 A - a scroll of summoning
 E - 3 scrolls of blinking
 G - a scroll of holy word
 H - 7 scrolls of identify
 K - 2 scrolls of amnesia
 L - a scroll of noise {unknown}
 M - a scroll of magic mapping
 O - a scroll of random uselessness {unknown}
Potions
 d - 3 potions of lignification
 e - 3 potions of heal wounds {unknown}
 h - a potion of magic
 i - a potion of ambrosia
 j - 4 potions of degeneration
 k - a potion of might
 o - 4 potions of flight
 r - 2 potions of brilliance
 v - 5 potions of curing
 F - 2 potions of berserk rage
 P - a potion of haste {unknown}
Comestibles
 b - 24 rations


   Skills:
 - Level 4.8 Fighting
 - Level 2.4 Dodging
 - Level 1.0 Stealth
 + Level 11.0 Shields
 - Level 12.2 Unarmed Combat
 + Level 8.4 Invocations


You had 11 spell levels left.
You didn't know any spells.
Your spell library contained the following spells:

 Spells                   Type           Power        Failure   Level  Hunger
 Cause Fear               Hex            #.........   100%        4    #####..
 Lightning Bolt           Conj/Air       #.........   100%        5    ######.
 Confuse                  Hex            #.......     98%         3    ####...
 Throw Frost              Conj/Ice       #.....       87%         2    ###....
 Mephitic Cloud           Conj/Pois/Air  #.......     98%         3    ####...
 Venom Bolt               Conj/Pois      #.........   100%        5    ######.
 Olgreb's Toxic Radiance  Pois           #.......     100%        4    #####..
 Summon Ice Beast         Ice/Summ       #.......     100%        4    #####..
 Sting                    Conj/Pois      #...         75%         1    ##.....
 Tukima's Dance           Hex            #.......     98%         3    ####...
 Iron Shot                Conj/Erth      #.........   100%        6    #######
 Spider Form              Tmut/Pois      #.........   98%         3    ####...
 Blade Hands              Tmut           #.........   100%        5    ######.
 Ice Form                 Ice/Tmut       #.......     100%        4    #####..
 Deflect Missiles         Chrm/Air       #.........   100%        6    #######
 Sticks to Snakes         Tmut           #.......     87%         2    ###....
 Ensorcelled Hibernation  Hex/Ice        #.....       87%         2    ###....
 Metabolic Englaciation   Hex/Ice        #.........   100%        5    ######.
 Silence                  Hex/Air        #.........   100%        5    ######.
 Shatter                  Erth           #.........   100%        9    #######
 Static Discharge         Conj/Air       #.......     98%         3    ####...
 Corona                   Hex            #......      75%         1    ##.....
 Tornado                  Air            #.........   100%        9    #######
 Beastly Appendage        Tmut           #.....       75%         1    ##.....
 Dazzling Spray           Conj/Hex       #.....       98%         3    ####...
 Discord                  Hex            #.........   100%        8    #######
 Yara's Violent Unravell  Hex/Tmut       #.........   100%        5    ######.
 Poisonous Vapours        Pois/Air       #.....       87%         2    ###....
 Ignition                 Fire           #.........   100%        8    #######


Dungeon Overview and Level Annotations

Branches:
Dungeon (10/15)            Temple (1/1) D:5            Lair (5/6) D:8
  Swamp (0/4) Lair:3       Spider (0/4) Lair:4          Orc (0/2) D:10
  Slime: Lair:5-6

Altars:
Ashenzari
Cheibriados
Dithmenos
Elyvilon
Fedhas
Gozag
Hepliaklqana
Kikubaaqudgha
Makhleb
Nemelex Xobeh
Okawaru
Qazlal
Ru
Sif Muna
Trog
Uskayaw
Vehumet
Wu Jian
Xom
Yredelemnul
Zin
The Shining One

Shops:
D:5 ?   D:6 =

Annotations:
D:10 3 runed doors, Mgcat's ghost, journeyman GnWn


Innate Abilities, Weirdness & Mutations

You are too large for most types of armour.
You have claws for hands.
Your metabolism is lightning-fast.
You like to eat raw meat.
Your natural rate of healing is unusually fast.
You are covered in fur. (AC +1)
You have very tough skin. (AC +2)


Message History

The yak gores you but does no damage. You block the yak's attack.
You scratch the yak.
The yak is lightly wounded.
The yak gores you.
* * * LOW HITPOINT WARNING * * *
You closely miss the yak.
The yak is lightly wounded.
The yak barely misses you.
Your shield prevents you from hitting the yak.
The yak is lightly wounded.
You mangle the yak!!
The yak is severely wounded.
You flicker back into view.
The yak gores you.
* * * LOW HITPOINT WARNING * * *
The yak bellows!
You mangle the yak!!
You kill the yak!
The yak gores you!
You die...

≈≈≈.PP........#..###..# #.#
.≈............#..P #..#######^#
....##........#..###Y##...#.#.#
...###............[...........##
...###........##...#...........#
.....#........###(..........##.#
.#........†..##^^...###....#####
##P.........#^.^^..###....##
#....#.....##..@Y#^.^....##
##...........#...^^^^......#
#.............^..^>^......##
##..............#^.^...^..##
#P..............##..^.....P#
##..............^##.#.....##
#................^###....##
##................###.^..##
##.................#......#


You could see 2 yaks.

Vanquished Creatures
  Erica (D:8)
  A centaur warrior (D:10)
  A two-headed ogre (D:9)
  An ugly thing (D:9)
  Maurice (D:8)
  2 ice statues (IceCv)
  2 spiny frogs (Lair:1)
  A rime drake (Lair:3)
  4 komodo dragons
  10 ice devils (IceCv)
  A polar bear (Lair:3)
  3 blink frogs (Lair:1)
  Prince Ribbit (D:8)
  3 hippogriffs
  A redback (Lair:4)
  13 yaks
  2 hungry ghosts
  A basilisk (Lair:4)
  2 steam dragons (D:10)
  5 porcupines
  9 water moccasins
  3 sky beasts
  4 orc warriors
  2 phantoms
  An ice beast (D:5)
  A necrophage (D:7)
  A centaur (D:9)
  6 crocodiles
  4 ogres
  A big kobold (D:7)
  9 bullfrogs
  A gnoll sergeant (D:5)
  A wyvern skeleton (D:10)
  2 scorpions
  4 wights (D:10)
  5 howler monkeys
  3 crimson imps
  A bullfrog zombie (D:5)
  2 centaur zombies
  2 jellies
  2 centaur skeletons
  3 hounds
  9 orc priests
  2 orc wizards (D:6)
  A bullfrog skeleton (D:7)
  7 iguanas
  Natasha (twice) (D:2)
  2 hell rats (Lair:1)
  8 worker ants
  A hound zombie (D:6)
  A hound skeleton (D:10)
  A howler monkey zombie (D:9)
  3 worker ant zombies
  11 gnolls
  8 adders
  6 river rats (Lair:1)
  8 white imps (IceCv)
  8 ufetubi (IceCv)
  An ooze (D:2)
  4 adder zombies
  3 worms
  A dart slug (D:4)
  4 leopard geckos
  28 orcs
  A bat skeleton (D:2)
  3 giant cockroaches
  7 goblins
  6 hobgoblins
  15 jackals
  7 quokkas
  7 bats
  5 frilled lizards
  A giant cockroach zombie (D:2)
  A jackal skeleton (D:6)
  A jackal zombie (D:2)
  21 kobolds
  2 leopard gecko skeletons
  2 quokka skeletons
  10 rats
  A plant (D:8)
332 creatures vanquished.

Vanquished Creatures (others)
  A reaper (IceCv)
  A spiny frog (Lair:1)
  4 white imps (IceCv)
  5 fungi (Lair:4)
  4 plants
15 creatures vanquished.

Grand Total: 347 creatures vanquished

Notes
Turn   | Place    | Note
-------+----------+-------------------------------------------
     0 | D:1      | sking99 the Troll Monk began the quest for the Orb.
     0 | D:1      | Reached XP level 1. HP: 22/22 MP: 0/0
   220 | D:1      | Reached XP level 2. HP: 29/29 MP: 1/1
   845 | D:2      | Noticed Natasha
   914 | D:2      | Reached XP level 3. HP: 36/36 MP: 2/2
   953 | D:2      | Reached skill level 4 in Unarmed Combat
  1138 | D:2      | Reached XP level 4. HP: 45/45 MP: 3/3
  1175 | D:2      | Killed Natasha
  1272 | D:2      | Reached skill level 5 in Unarmed Combat
  1278 | D:2      | Reached XP level 5. HP: 32/53 MP: 4/4
  1557 | D:2      | Noticed Natasha
  1564 | D:2      | Killed Natasha
  2131 | D:3      | Reached XP level 6. HP: 47/62 MP: 5/5
  2283 | D:3      | Reached skill level 6 in Unarmed Combat
  2785 | D:4      | Reached skill level 1 in Shields
  3105 | D:4      | Reached XP level 7. HP: 70/70 MP: 6/6
  3957 | D:5      | Entered Level 5 of the Dungeon
  4142 | D:5      | Reached skill level 7 in Unarmed Combat
  4328 | D:5      | Found Ugeurchupo's Magic Scroll Shoppe.
  4337 | D:5      | Bought a scroll of fear for 35 gold pieces
  4636 | D:5      | Reached XP level 8. HP: 70/79 MP: 7/7
  4769 | D:5      | Found a staircase to the Ecumenical Temple.
  4780 | Temple   | Entered the Ecumenical Temple
  5058 | Temple   | Became a worshipper of Elyvilon the Healer
  5058 | Temple   | Reached * piety under Elyvilon
  5058 | Temple   | Reached ** piety under Elyvilon
  5094 | D:5      | Reached skill level 8 in Unarmed Combat
  5759 | D:6      | Reached skill level 1 in Invocations
  5847 | D:6      | Found Diddin's Jewellery Boutique.
  6576 | D:7      | Reached *** piety under Elyvilon
  6582 | D:7      | Reached skill level 9 in Unarmed Combat
  6697 | D:7      | Reached XP level 9. HP: 87/87 MP: 10/10
  7083 | D:7      | Found a bloodstained altar of Trog.
  7360 | D:8      | Reached skill level 10 in Unarmed Combat
  7539 | D:8      | Noticed Prince Ribbit
  7564 | D:8      | Killed Prince Ribbit
  7689 | D:8      | Reached **** piety under Elyvilon
  7781 | D:8      | Noticed Maurice
  7782 | D:8      | Paralysed by Maurice for 6 turns
  7811 | D:8      | Paralysed by something for 2 turns
  7822 | D:8      | Killed Maurice
  7822 | D:8      | Reached skill level 5 in Shields
  7898 | D:8      | Noticed Erica
  7904 | D:8      | Killed Erica
  7904 | D:8      | Reached skill level 11 in Unarmed Combat
  7904 | D:8      | Reached XP level 10. HP: 63/94 MP: 12/12
  8368 | D:8      | Reached skill level 5 in Invocations
  8392 | D:8      | Found a staircase to the Lair.
  8512 | D:9      | Noticed a two-headed ogre
  8513 | D:9      | Noticed a red ugly thing
  8530 | D:9      | Killed a two-headed ogre
  8665 | D:9      | Killed a red ugly thing
  8736 | D:9      | Identified the Compendium of Dusty Snow
  8993 | D:9      | Found a hazy altar of Hepliaklqana.
  9267 | D:10     | Entered Level 10 of the Dungeon
  9267 | D:10     | Noticed a centaur warrior
  9277 | D:10     | Killed a centaur warrior
  9277 | D:10     | Reached skill level 12 in Unarmed Combat
  9392 | D:10     | Reached XP level 11. HP: 84/101 MP: 14/14
  9745 | D:10     | Found a staircase to the Orcish Mines.
 10025 | D:10     | Reached ***** piety under Elyvilon
 10052 | D:10     | Found a runed gate.
 10054 | D:10     | Found a runed gate.
 10054 | D:10     | Found a runed gate.
 10054 | D:10     | Noticed a nine-headed hydra
 10054 | D:10     | Noticed Mgcat's ghost (journeyman GnWn)
 10054 | D:10     | Noticed a 12-headed hydra
 10294 | Lair:1   | Entered Level 1 of the Lair of Beasts
 10623 | Lair:5   | Found a frozen archway.
 10633 | IceCv    | Entered an ice cave
 10678 | IceCv    | Killed a reaper
 11215 | IceCv    | HP: 5/101 [ice devil (4)]
 12446 | Lair:1   | Reached skill level 10 in Shields
 12868 | Lair:1   | Noticed a four-headed hydra
 12880 | Lair:1   | Pacified a two-headed hydra
 12880 | Lair:1   | Reached XP level 12. HP: 46/110 MP: 16/16
 13803 | Lair:3   | Found a staircase to the Swamp.
 14545 | Lair:4   | Found a hole to the Spider Nest.
 14698 | Lair:4   | Elyvilon protects you from harm!
 14704 | Lair:4   | Slain by a yak

Vault maps used:
D:1:      roderic_octagonal_star
D:2:      first_ration, serial_undead, serial_undead_d, serial_undead_a,
          serial_undead_c, serial_undead_d, uniq_natasha
D:5:      temple_hall, serial_shops, shop
D:6:      serial_shops, shop, minivault_1
D:7:      trog_butcher_becter
D:8:      david_lair_shrubbed, uniq_erica, uniq_prince_ribbit1, uniq_maurice
D:9:      nicolae_overflow_crystal_walls
D:10:     cheibrodos_steamvent, orc_0_dummy, gammafunk_ghost_hydra_chop
Temple:   regret_index_temple_sigil_plot
Lair:1:   nicolae_lair_grove_arrangements, kennysheep_rathole
Lair:3:   swamp_mist_pool
Lair:4:   spider_nest_entry_webs, nicolae_quartered_pool_little,
          grunt_megastairs_3
Lair:5:   portal_ice_cave_entry_pillars_1
IceCv:    ice_cave_small_demon

Skill      XL: |  1  2  3  4  5  6  7  8  9 10 11 12 |
---------------+-------------------------------------+-----
Unarmed Combat | 4 5 6 7 9 11 12 | 12.2
Fighting       | 3 4 |  4.8
Shields        | 1 2 3 5 6 10 11 | 11.0
Invocations    | 2 4 6 7 8 |  8.4
Dodging        | |  2.4
Stealth        | |  1.0

Action                   |  1- 3 |  4- 6 |  7- 9 | 10-12 || total
-------------------------+-------+-------+-------+-------++-------
Melee: Unarmed           |   104 |   181 |   308 |   589 ||  1182
       Punch             |       |     5 |     3 |       ||     8
       Scimitar          |       |       |       |     4 ||     4
Invok: Heal Other        |       |       |       |     9 ||     9
       Greater Healing   |       |       |       |     6 ||     6
       Divine Vigour     |       |       |       |     2 ||     2
       Purification      |       |       |       |     1 ||     1
  Use: Scroll            |       |    11 |     3 |    10 ||    24
       Potion            |       |       |       |     4 ||     4
 Stab: Sleeping          |     3 |     2 |     6 |     4 ||    15
       Distracted        |       |     1 |     1 |       ||     2
       Invisible         |       |       |       |     9 ||     9
       Held in net/web   |       |       |       |     1 ||     1
  Eat: Chunk             |    16 |    18 |    44 |    73 ||   151
       Ration            |       |       |     1 |     2 ||     3
Armor: Robe              |    53 |    46 |    51 |    67 ||   217
Dodge: Dodged            |    52 |    76 |    51 |    94 ||   273
Block: Large shield      |       |       |   140 |   430 ||   570
       Rpst.: Scimitar   |       |       |       |     1 ||     1

Table legend:
 A = Spawn XP
 B = Non-spawn XP
 C = Spawn XP percentage of total XP
 D = Spawn monster count
 E = Non-spawn monster count
 F = Spawn count percentage of total count
 G = Total turns spent on level
                    A         B        C        D         E        F      G
               +---------+---------+-------+---------+---------+-------+---------
         Total |       0 |   26661 |   0.0 |       0 |     332 |   0.0 | 14704
               +---------+---------+-------+---------+---------+-------+---------
           D:1 |       0 |      33 |   0.0 |       0 |      24 |   0.0 |   892
           D:2 |       0 |     288 |   0.0 |       0 |      39 |   0.0 |  1093
           D:3 |       0 |     160 |   0.0 |       0 |      32 |   0.0 |   706
           D:4 |       0 |     439 |   0.0 |       0 |      14 |   0.0 |  1266
           D:5 |       0 |     799 |   0.0 |       0 |      24 |   0.0 |  1318
           D:6 |       0 |     745 |   0.0 |       0 |      21 |   0.0 |  1008
           D:7 |       0 |    1247 |   0.0 |       0 |      29 |   0.0 |   774
           D:8 |       0 |    2964 |   0.0 |       0 |      15 |   0.0 |  1206
           D:9 |       0 |    2440 |   0.0 |       0 |      20 |   0.0 |   799
          D:10 |       0 |    2965 |   0.0 |       0 |      27 |   0.0 |   944
        Lair:1 |       0 |    2921 |   0.0 |       0 |      20 |   0.0 |   898
        Lair:2 |       0 |     757 |   0.0 |       0 |       5 |   0.0 |   641
        Lair:3 |       0 |    2435 |   0.0 |       0 |      13 |   0.0 |   740
        Lair:4 |       0 |    3122 |   0.0 |       0 |      16 |   0.0 |   350
        Lair:5 |       0 |     827 |   0.0 |       0 |       5 |   0.0 |   716
         IceCv |       0 |    4519 |   0.0 |       0 |      28 |   0.0 |  1065
               +---------+---------+-------+---------+---------+-------+---------
